 Dungeon Crawl Stone Soup version 0.21.0-25-ge575cb9 (webtiles) character file.

79 tidbits the Charlatan (level 4, 0/34 HPs)
             Began as a Gnoll Artificer on Jan 24, 2018.
             Was an Initiate of Cheibriados.
             Slain by a goblin
             ... wielding a +0 dagger
             ... led by Robin
              (5 damage)
             ... on level 4 of the Dungeon.
             The game lasted 00:04:37 (449 turns).

tidbits the Charlatan (Gnoll Artificer)              Turns: 449, Time: 00:04:38

Health: 0/34       AC:  3    Str: 15    XL:     4   Next: 38%
Magic:  8/8        EV: 14    Int: 15    God:    Cheibriados [......]
Gold:   69         SH:  0    Dex: 17    Spells: 5/5 levels left

rFire    . . .     SeeInvis .   a - +0 short sword
rCold    . . .     Gourm    .   (no shield)
rNeg     . . .     Faith    .   b - +0 leather armour
rPois    .         Spirit   .   (no helmet)
rElec    .         Reflect  .   (no cloak)
rCorr    .         Harm     .   (no gloves)
MR       .....                  (no boots)
Stlth    ++........             (no amulet)
HPRegen  0.11/turn              (no ring)
MPRegen  0.11/turn              (no ring)

@: very slow
A: distributed training, fangs 1, strong nose
a: Bend Time, Renounce Religion


You were on level 4 of the Dungeon.
You worshipped Cheibriados.
Cheibriados was noncommittal.
You were full.

You visited 1 branch of the dungeon, and saw 4 of its levels.

You collected 69 gold pieces.

Inventory:

Hand Weapons
 a - a +0 short sword (weapon)
 i - a +0 war axe
Armour
 b - a +0 leather armour (worn)
Wands
 c - a wand of flame (7)
 d - a wand of enslavement (7)
 e - a wand of random effects (15)
Scrolls
 g - a scroll of magic mapping
 h - a scroll of fear {unknown}
 j - a scroll of amnesia
Comestibles
 f - 3 rations


   Skills:
 + Level 2.7 Fighting
 + Level 2.7 Short Blades
 + Level 1.1 Long Blades
 + Level 1.1 Axes
 + Level 1.1 Maces & Flails
 + Level 1.1 Polearms
 + Level 1.1 Staves
 + Level 1.1 Slings
 + Level 1.1 Bows
 + Level 1.1 Crossbows
 + Level 1.1 Throwing
 + Level 1.1 Armour
 + Level 4.6 Dodging
 + Level 2.5 Stealth
 + Level 1.1 Shields
 + Level 1.1 Unarmed Combat
 + Level 1.1 Spellcasting
 + Level 0.8 Conjurations
 + Level 0.8 Hexes
 + Level 0.8 Charms
 + Level 0.8 Summonings
 + Level 0.8 Necromancy
 + Level 0.8 Translocations
 + Level 0.8 Transmutations
 + Level 0.8 Fire Magic
 + Level 0.8 Ice Magic
 + Level 0.8 Air Magic
 + Level 0.8 Earth Magic
 + Level 0.8 Poison Magic
 + Level 1.2 Invocations
 + Level 6.6 Evocations


You had 5 spell levels left.
You didn't know any spells.

Dungeon Overview and Level Annotations

Branches:
Dungeon (4/15)
 Temple: D:4-7

Altars:
Cheibriados
Elyvilon
Qazlal
Xom

Annotations:
D:4 Ijyb, Robin


Innate Abilities, Weirdness & Mutations

Your experience applies equally to all skills.
You have very sharp teeth.
Your uncanny sense of smell can sniff out nearby items.


Message History

2 goblins and a hobgoblin come into view.
What are your orders? t - Bark!
Orders for allies: a - Attack new target. p - Attack previous target. r - Retreat! s - Stop attacking. g - Guard the area. f - Follow me.
Anything else - Cancel.
Gang up on whom?
Press: ? - help, Dir - move target cursor, f - goblin, p - Ijyb
Aim: a goblin Attack!
Evoke which item? (* to show all) (? for menu, Esc to quit)
Aiming: Throw Flame
Press: ? - help, Shift-Dir - straight line, f - hobgoblin, p - goblin
Aim: a hobgoblin, wielding a club (resting)
The puff of flame hits the hobgoblin.
You kill the hobgoblin!
Cheibriados appreciates the change of pace.
You hear a shout!
The goblin shouts!
You hear a shout!
A goblin comes into view. It is wielding a club.
What are your orders? t - Bark!
Orders for allies: a - Attack new target. r - Retreat! s - Stop attacking. g - Guard the area. f - Follow me.
Anything else - Cancel.
Gang up on whom?
Press: ? - help, Dir - move target cursor, f - goblin
Aim: a goblin Attack!
The goblin closely misses Ijyb. 2 goblins come into view.
Ijyb zaps a wand.
The goblin is blasted.
The goblin is blown up!
Cheibriados appreciates the change of pace.
Ijyb zaps a wand.
The goblin barely resists.
A goblin comes into view. It is wielding a dagger.
Something throws the goblin at Ijyb!
The goblin shouts!
Ijyb barely misses the goblin.
There is an open door here.
What are your orders? t - Bark!
Orders for allies: a - Attack new target. r - Retreat! s - Stop attacking. g - Guard the area. f - Follow me.
Anything else - Cancel.
Gang up on whom?
Press: ? - help, Dir - move target cursor, f - goblin
Aim: a goblin, wielding a dagger Attack!
Something throws the goblin at Ijyb!
Ijyb closely misses the goblin.
The goblin hits Ijyb but does no damage.
You hit the goblin. You bite the goblin.
The goblin is heavily wounded.
The goblins go into a battle-frenzy!
Ijyb misses the goblin.
The goblin misses Ijyb.
A goblin and a hobgoblin come into view.
You aren't carrying any potions.
Unknown command.
You closely miss the goblin.
The goblin is heavily wounded.
The goblin closely misses you.
The goblin barely misses Ijyb.
Ijyb zaps a wand.
The goblin is blasted.
The goblin is blown up!
Cheibriados thoroughly appreciates the change of pace.
The goblin closely misses Ijyb.
A goblin comes into view. It is wielding a dagger.
Evoke which item? (* to show all) (? for menu, Esc to quit)
Aiming: Enslavement
Press: ? - help, Shift-Dir - straight line, f/p - goblin
Aim: a goblin, wielding a dagger (heavily wounded, chance to defeat MR: 80%)
Okay, then.
You miss the goblin.
The goblin is heavily wounded.
The goblin barely misses you.
Ijyb barely misses the goblin.
The goblin barely misses Ijyb.
You hit the goblin.
The goblin is severely wounded.
The goblin hits you with a dagger.
* * * LOW HITPOINT WARNING * * *
The goblin hits Ijyb but does no damage.
Robin of the Strong Arm comes into view.
She is wielding an enchanted mace.
You barely miss the goblin.
The goblin is severely wounded.
The goblin closely misses you.
Robin roars a battlecry!
The goblin goes into a battle-frenzy!
Ijyb zaps a wand.
The goblin is blasted.
The goblin is blown up!
Cheibriados thoroughly appreciates the change of pace.
The now-empty wand crumbles to dust.
The goblin hits Ijyb with a dagger.
Evoke which item? (* to show all) (? for menu, Esc to quit)
Aiming: Enslavement
Press: ? - help, Shift-Dir - straight line, f/p - goblin
Aim: a goblin, wielding a dagger (severely wounded, unusually strong, chance to defeat MR: 80%)
The goblin barely resists.
The goblin hits you with a dagger.
You die...

......%....#
..?....g...#
...........#
...........#
......g.g).#
.......g.g.#
........ggg#
..#######g##
#@#
#.############
#.........).<#
##############


You could see Robin, 7 goblins and the friendly Ijyb.

Vanquished Creatures
  An adder (D:2)
  A ball python (D:2)
  2 bats
  3 hobgoblins
  A kobold (D:3)
  2 frilled lizards (D:1)
10 creatures vanquished.

Vanquished Creatures (collateral kills)
  An ogre (D:4)
  2 adders (D:3)
  A leopard gecko (D:3)
  A giant cockroach (D:3)
  4 goblins
  A rat (D:3)
10 creatures vanquished.

Grand Total: 20 creatures vanquished

Notes
Turn   | Place    | Note
-------+----------+-------------------------------------------
     0 | D:1      | tidbits the Gnoll Artificer began the quest for the Orb.
     0 | D:1      | Reached XP level 1. HP: 17/17 MP: 4/4
   104 | D:2      | Reached XP level 2. HP: 23/23 MP: 6/6
   115 | D:2      | Found a snail-covered altar of Cheibriados.
   115 | D:2      | Found a white marble altar of Elyvilon.
   115 | D:2      | Found a shimmering altar of Xom.
   117 | D:2      | Found a stormy altar of Qazlal.
   124 | D:2      | Became a worshipper of Cheibriados the Contemplative
   338 | D:3      | Noticed Ijyb
   350 | D:3      | Reached XP level 3. HP: 28/28 MP: 7/7
   408 | D:4      | Noticed an ogre
   416 | D:4      | Killed an ogre
   416 | D:4      | Reached skill level 1 in Long Blades
   416 | D:4      | Reached skill level 1 in Axes
   416 | D:4      | Reached skill level 1 in Maces & Flails
   416 | D:4      | Reached skill level 1 in Polearms
   416 | D:4      | Reached skill level 1 in Staves
   416 | D:4      | Reached skill level 1 in Slings
   416 | D:4      | Reached skill level 1 in Bows
   416 | D:4      | Reached skill level 1 in Crossbows
   416 | D:4      | Reached skill level 1 in Throwing
   416 | D:4      | Reached skill level 1 in Armour
   416 | D:4      | Reached skill level 1 in Shields
   416 | D:4      | Reached skill level 1 in Unarmed Combat
   416 | D:4      | Reached skill level 1 in Spellcasting
   416 | D:4      | Reached skill level 1 in Invocations
   416 | D:4      | Reached XP level 4. HP: 16/34 MP: 8/8
   418 | D:4      | HP: 2/34 [disintegration (15)]
   448 | D:4      | Noticed Robin
   449 | D:4      | Slain by a goblin

Skill      XL: |  1  2  3 |
---------------+----------+-----
Long Blades    | 1 |  1.1
Axes           | 1 |  1.1
Maces & Flails | 1 |  1.1
Polearms       | 1 |  1.1
Staves         | 1 |  1.1
Slings         | 1 |  1.1
Bows           | 1 |  1.1
Crossbows      | 1 |  1.1
Throwing       | 1 |  1.1
Armour         | 1 |  1.1
Shields        | 1 |  1.1
Unarmed Combat | 1 |  1.1
Spellcasting   | 1 |  1.1
Invocations    | 1 |  1.2
Fighting       | |  2.7
Short Blades   | |  2.7
Dodging        | |  4.6
Stealth        | |  2.5
Conjurations   | |  0.8
Hexes          | |  0.8
Charms         | |  0.8
Summonings     | |  0.8
Necromancy     | |  0.8
Translocations | |  0.8
Transmutations | |  0.8
Fire Magic     | |  0.8
Ice Magic      | |  0.8
Air Magic      | |  0.8
Earth Magic    | |  0.8
Poison Magic   | |  0.8
Evocations     | |  6.6

Action                   |  1- 3 |  4- 6 || total
-------------------------+-------+-------++-------
Melee: Short sword       |    11 |     6 ||    17
       Bite              |     2 |     1 ||     3
Evoke: Wand              |    11 |     5 ||    16
  Use: Scroll            |     2 |       ||     2
       Potion            |     1 |       ||     1
 Stab: Sleeping          |     2 |       ||     2
  Eat: Ration            |     1 |       ||     1
Armor: Leather armour    |     3 |       ||     3
Dodge: Dodged            |    11 |     4 ||    15

Table legend:
 A = Turns spent in this place as a percentage of turns spent in the entire game.
 B = Non-inter-level travel turns spent in this place as a percentage of non-inter-level travel turns spent in the entire game.
 C = Inter-level travel turns spent in this place as a percentage of turns spent in this place.
 D = Turns resting spent in this place as a percentage of non-inter-level travel turns spent in this place.
 E = Turns spent auto-exploring this place as a percentage of non-inter-level travel turns spent in this place.
 F = Non-inter-level travel turns spent in this place divided by the number of levels of this place that you've seen.
                   A       B       C       D       E      F
               +-------+-------+-------+-------+-------+----------------------
         Total | 100.0 | 100.0 |   7.1 |   0.0 |   0.0 | 104.2
       Dungeon | 100.0 | 100.0 |   7.1 |   0.0 |   0.0 | 104.2
               +-------+-------+-------+-------+-------+----------------------

Table legend:
 A = Kills in this place as a percentage of kills in entire the game.
 B = Kills by you in this place as a percentage of kills by you in the entire game.
 C = Kills by friends in this place as a percentage of kills by friends in the entire game.
 D = Other kills in this place as a percentage of other kills in the entire game.
 E = Experience gained in this place as a percentage of experience gained in the entire game.
 F = Experience gained in this place divided by the number of levels of this place that you have seen.
                   A       B       C       D       E      F
               +-------+-------+-------+-------+-------+----------------------
         Total | 100.0 | 100.0 | 100.0 |   N/A | 100.0 |  28.5
       Dungeon | 100.0 | 100.0 | 100.0 |   N/A | 100.0 |  28.5
               +-------+-------+-------+-------+-------+----------------------

Vault maps used:
D:1:      roderic_chinese_lattice_arrival, minmay_hedge_maze
D:2:      minitemple, uniq_sigmund
D:3:      nicolae_ru_great_annihilating_truth, uniq_ijyb
D:4:      kennysheep_vampire_church, first_ration,
          nemelex_xobeh_ov_fountains_minmay, uniq_robin, uniq_pikel,
          uniq_menkaure, uniq_eustachio
